Map: Efflorescence LE

Players

prospeKt - Winner!

  • Race: Zerg Zerg
  • League: Platinum
  • Spawn Location: 9:00

Sinicio - Winner!

  • Race: Zerg Zerg
  • Spawn Location: 6:00

gter

  • Race: Terran Terran
  • League: Bronze
  • Spawn Location: 12:00

RANEN

  • Race: Terran Terran
  • Spawn Location: 3:00

VOD

Have the link to the VOD?

Description

Time

  • Played on: June 24, 2020, 5:56 a.m.
  • Length: 10:26
Show
View Real Time Build Order
Export as new Build Order

prospeKt Zerg - Winner!

Build Orders: Hatch First, Roach Hydra 

Get SALT Encoding   

  12  0:01  Drone  
  13  0:12  Overlord  
  13  0:22  Drone  
  14  0:31  Drone  
  14  0:32  Drone  
  14  0:35  Drone  
  17  0:54  Hatchery  
  16  0:57  Drone  
  16  1:00  Drone  
  18  1:18  Spawning Pool  
  18  1:19  Drone x2  
  18  1:24  Extractor  
  19  1:35  Drone  
  19  1:39  Hatchery  
  19  1:43  Drone  
  20  1:53  Drone  
  21  2:00  Overlord  
  21  2:11  Drone  
  22  2:21  Queen  
  24  2:25  Drone  
  25  2:35  Drone  
  26  2:43  Overlord  
  26  2:51  Zergling x2  
  26  2:52  Queen  
  26  2:57  Lair  
  29  2:59  Drone  
  29  3:04  Drone  
  31  3:06  Zergling x2  
  32  3:14  Drone  
  33  3:22  Drone  
  34  3:28  Queen  
  34  3:29  Roach Warren  
  34  3:31  Evolution Chamber, Drone x3  
  34  3:32  Drone x2  
  41  3:37  Roach Warren  
  41  3:40  Evolution Chamber, Drone  
  41  3:41  Overlord  
  40  3:51  Drone  
  41  3:56  Drone  
  41  3:57  Drone  
  41  3:59  Extractor  
  41  4:00  Extractor  
  41  4:09  Zerg Missile Weapons Level 1  
  41  4:17  Glial Reconstitution  
  41  4:18  Roach  
  41  4:19  Roach x3  
  49  4:26  Drone x3  
  49  4:29  Overlord x3  
  52  4:47  Drone x2  
  52  4:48  Roach x2  
  58  4:55  Roach  
  58  4:57  Roach  
  62  5:05  Hatchery  
  61  5:11  Roach  
  61  5:12  Roach  
  61  5:13  Drone x4  
  69  5:29  Overseer  
  69  5:32  Drone x7  
  76  6:02  Overlord x4  
  76  6:03  Overlord x2  
  76  6:06  Hatchery  
  75  6:11  Extractor  
  75  6:13  Hydralisk Den  
  73  6:18  Spore Crawler  
  73  6:20  Spore Crawler  
  73  6:24  Drone x7  
  78  6:39  Drone x3  
  84  6:40  Drone x6  
  84  6:45  Grooved Spines  
  87  6:49  Evolution Chamber  
  86  6:55  Queen  
  88  7:01  Extractor, Spore Crawler  
  88  7:02  Extractor  
  88  7:05  Spine Crawler x2, Drone x2  
  85  7:10  Overlord x2  
  85  7:25  Zerg Ground Armor Level 1  
  85  7:28  Zerg Missile Weapons Level 2  
  85  7:29  Hydralisk  
  87  7:32  Drone  
  87  7:33  Drone x7  
  87  7:34  Drone  
  96  7:51  Drone x12  
  106  7:55  Extractor  
  106  7:57  Muscular Augments  
  107  7:59  Drone, Extractor  
  107  8:00  Drone x5  
  112  8:14  Hydralisk x6  
  124  8:20  Drone x2  
  126  8:35  Hydralisk x8  
  126  8:37  Overlord  
  126  8:38  Overlord  
  126  8:40  Overlord  
  141  8:50  Spore Crawler  
  141  8:52  Spine Crawler  
  139  9:02  Hatchery  
  139  9:07  Hydralisk x6  
  139  9:08  Hydralisk x4  
  158  9:26  Hydralisk x4  
  158  9:28  Overlord x6  
  166  9:38  Overlord x4  
  166  9:43  Drone  
  167  9:47  Drone  
  167  9:48  Drone  
  167  9:49  Drone  
  170  9:54  Infestation Pit  
  170  9:55  Lurker Den  
  170  9:57  Hydralisk x8  
Show
View Real Time Build Order
Export as new Build Order

Sinicio Zerg - Winner!

Build Orders: Pool First 

Get SALT Encoding   

  12  0:01  Drone  
  13  0:18  Drone  
  14  0:35  Overlord  
  14  0:43  Spawning Pool  
  14  0:45  Drone  
  14  0:54  Drone  
  14  0:55  Drone  
  16  1:02  Extractor  
  15  1:14  Drone x2  
  17  1:24  Hatchery  
  17  1:25  Drone  
  17  1:35  Queen  
  19  1:45  Zergling x4  
  21  1:52  Drone  
  22  2:16  Overlord  
  22  2:17  Overlord  
  22  2:22  Metabolic Boost  
  22  2:37  Drone x3  
  25  2:59  Drone x6  
  25  3:01  Queen  
  25  3:03  Queen  
  35  3:11  Extractor  
  33  3:24  Drone x2  
  33  3:25  Drone x2  
  36  3:46  Zergling x2  
  36  3:47  Zergling x10  
  42  3:54  Lair  
  42  3:55  Drone x2  
  44  4:04  Overlord x2  
  44  4:21  Queen  
  44  4:24  Drone x4  
  47  4:29  Extractor  
  46  4:58  Drone x4  
  46  4:59  Drone x3  
  53  5:00  Zergling x6  
  56  5:18  Spire  
  56  5:20  Drone  
  56  5:21  Drone x4  
  59  5:24  Extractor  
  59  5:27  Overlord  
  59  5:29  Overlord  
  57  6:09  Overseer  
  57  6:21  Spore Crawler  
  57  6:25  Overseer  
  56  6:33  Mutalisk x8  
  56  6:34  Mutalisk  
  56  6:38  Drone x2  
  76  6:57  Overlord x3  
  76  6:58  Overlord x2  
  76  7:06  Hatchery  
  75  7:15  Mutalisk x5  
  75  7:16  Hatchery  
  75  7:21  Hatchery  
  81  7:57  Mutalisk  
  81  7:58  Mutalisk x3  
  89  8:08  Mutalisk  
  91  8:21  Zerg Flyer Weapons Level 1  
  87  8:44  Mutalisk x3  
  93  8:49  Queen  
  93  8:53  Queen  
  93  8:55  Drone x13  
  105  8:56  Drone  
  109  9:11  Mutalisk  
  109  9:12  Mutalisk x2  
  115  9:36  Drone  
  115  9:37  Drone x10  
  126  9:56  Mutalisk x3  
  126  9:57  Mutalisk  
  134  10:00  Overlord x2  
  134  10:01  Overlord  
  134  10:04  Extractor  
  133  10:09  Extractor  
Show
View Real Time Build Order
Export as new Build Order

gter Terran 

Build Orders:  

Get SALT Encoding   

  12  0:07  SCV  
  13  0:14  Supply Depot  
  13  0:30  Supply Depot  
  13  0:39  Supply Depot  
  13  0:46  SCV  
  14  0:58  SCV  
  15  1:07  Barracks  
  15  1:15  Engineering Bay  
  15  1:31  SCV  
  16  1:43  SCV  
  16  1:44  Refinery  
  17  1:54  Barracks  
  17  2:10  Refinery  
  17  2:25  Supply Depot  
  17  2:38  SCV  
  18  2:48  Supply Depot  
  18  2:50  SCV  
  19  2:55  Supply Depot  
  18  3:02  SCV  
  18  3:05  Marine  
  20  3:23  Marine  
  21  3:41  Supply Depot  
  21  3:53  Barracks Reactor  
  21  3:58  SCV  
  22  4:04  Supply Depot  
  22  4:06  Factory  
  22  4:10  SCV  
  23  4:22  SCV  
  24  4:26  Supply Depot  
  24  4:32  Marine x2  
  24  4:34  SCV  
  24  4:38  Command Center  
  27  4:48  Supply Depot  
  27  4:50  Marine x2  
  28  5:08  Marine x2, Factory Tech Lab  
  30  5:14  Starport  
  30  5:25  Marine  
  30  5:26  Marine  
  32  5:44  Siege Tank  
  35  6:08  Marine x2  
  37  6:16  Siege Tank  
  40  6:24  Command Center  
  40  6:26  Marine x2  
  42  6:44  Marine x2  
  44  6:49  Terran Infantry Weapons Level 1  
  44  7:00  Medivac  
  46  7:01  Marine  
  46  7:02  Marine  
  48  7:19  Marine x2  
  50  7:30  Medivac  
  47  8:19  SCV  
  48  8:31  SCV  
  49  8:43  SCV  
  50  8:50  Cyclone  
  50  8:55  SCV  
  54  9:07  SCV  
  55  9:22  Cyclone  
  48  9:54  Cyclone  
Show
View Real Time Build Order
Export as new Build Order

RANEN Terran 

Build Orders:  

Get SALT Encoding   

  12  0:02  SCV  
  13  0:14  SCV  
  14  0:23  Supply Depot  
  14  0:31  SCV  
  15  0:41  Refinery  
  15  0:44  SCV  
  16  0:53  Barracks  
  16  0:56  SCV  
  17  1:05  Supply Depot  
  17  1:08  SCV  
  18  1:20  SCV  
  19  1:33  SCV  
  20  1:45  SCV  
  21  1:51  Marine  
  22  2:05  Command Center  
  22  2:09  Marine  
  23  2:20  Refinery  
  23  2:27  Marine  
  24  2:40  Supply Depot  
  24  2:45  Marine  
  25  3:03  Marine  
  25  3:20  Marine  
  26  3:32  Command Center  
  26  3:37  SCV  
  28  3:42  Factory  
  28  3:50  Barracks  
  28  3:52  Barracks Reactor  
  27  4:02  Engineering Bay  
  27  4:11  SCV  
  28  4:23  SCV  
  29  4:26  Factory Tech Lab  
  29  4:30  Engineering Bay  
  29  4:32  Starport  
  29  4:36  SCV  
  29  4:38  Marine  
  31  4:42  Marine  
  27  4:48  SCV  
  27  4:55  Marine  
  27  4:59  Armory  
  28  5:00  Marine, SCV  
  28  5:06  Siege Tank  
  33  5:07  Barracks Tech Lab  
  33  5:13  Marine  
  34  5:18  Marine  
  35  5:27  Combat Shield  
  35  5:29  Marauder  
  35  5:31  Marine  
  35  5:33  Starport Tech Lab  
  38  5:36  Marine  
  39  5:49  Marine  
  40  5:54  Marine  
  41  6:00  Missile Turret  
  41  6:07  Marine  
  42  6:11  Marine  
  42  6:13  Siege Tank  
  46  6:24  Missile Turret  
  46  6:25  Supply Depot  
  46  6:26  Supply Depot  
  46  6:37  Supply Depot  
  46  6:46  Marine x2, Stimpack  
  49  6:47  Missile Turret, SCV  
  49  6:59  SCV  
  49  7:00  Supply Depot, Terran Infantry Weapons Level 1  
  50  7:11  SCV  
  50  7:12  Medivac  
  53  7:23  SCV  
  54  7:33  Marine x2  
  54  7:35  SCV  
  52  7:42  Medivac  
  51  7:47  SCV  
  52  7:51  Marine  
  53  8:05  Marine  
  54  8:09  Marine  
  55  8:17  SCV  
  56  8:21  Medivac  
  56  8:23  Marine  
  56  8:26  Concussive Shells  
  59  8:27  Marine  
  59  8:29  SCV  
  61  8:35  Marauder  
  61  8:40  Marine  
  64  8:45  Marine  
  65  8:51  Missile Turret  
  65  8:58  Marine  
  66  9:12  Missile Turret  
  66  9:20  Missile Turret  
  66  9:40  Missile Turret  
  66  9:41  Armory  
  66  9:42  SCV  
  67  9:49  SCV  
  68  9:54  SCV  
  69  10:01  SCV  
  70  10:13  SCV  
Tags
 
Add a new tag
Caveats
  • Supply blocks, unpowered buildings, or Contaminate may cause inaccurate times.
  • Supply counts are checked every 10 seconds.